 Dungeon Crawl Stone Soup version 0.31-a0-182-gc5ef74bbde (webtiles) character file.

Game seed: 10418416106286020860

452 qw the Chopper (level 7, -5/43 HPs)
             Began as a Gargoyle Fighter on June 21, 2023.
             Killed by divine providence
             ... invoked by an orc priest
              (12 damage)
             ... on level 4 of the Dungeon.
             The game lasted 00:01:27 (3507 turns).

qw the Chopper (Gargoyle Fighter)                   Turns: 3507, Time: 00:01:28

Health: -5/43      AC: 17    Str: 21    XL:     7   Next: 4%
Magic:  7/7        EV:  5    Int:  9    God:
Gold:   41         SH:  9    Dex:  9    Spells: 6/6 levels left

rFire   . . .        Y - +0 war axe
rCold   . . .        c - +0 buckler
rNeg    + . .        g - +0 plate armour
rPois   inf          f - +0 helmet
rElec   +            (no cloak)
rCorr   .            (no gloves)
SInv    .            (no boots)
Will    .....        m - amulet of reflection Stlth
                     (no ring)
HPRegen 0.27/turn    (no ring)
MPRegen 0.10/turn

%: reflection
@: about to teleport
A: sickness immunity, AC +4, negative energy resistance 1, electricity
resistance, torment resistance 1, petrification resistance
a: no special abilities


You were on level 4 of the Dungeon.
You visited 1 branch of the dungeon, and saw 4 of its levels.

You collected 160 gold pieces.
You spent 119 gold pieces at shops.


Innate Abilities, Weirdness & Mutations

You are immune to sickness and miasma.
Your stone body is resilient. (AC +4)
You are immune to poison.
You resist negative energy. (rN+)
You are resistant to electric shocks. (rElec)
You are resistant to unholy torment.
You are immune to petrification.


   Skills:
 - Level 4.0 Fighting
 - Level 6.0 Axes
 - Level 1.0 Throwing
 + Level 3.8 Armour
 - Level 3.2 Shields


You had 6 spell levels left.
You didn't know any spells.
Your spell library was empty.

Inventory:

Hand Weapons
 t - a +0 flail
 Y - a +0 war axe (weapon)
Missiles
 o - 2 silver boomerangs (quivered)
Armour
 c - a +0 buckler (worn)
 f - a +0 helmet (worn)
 g - a +0 plate armour (worn)
 l - a +0 pair of gloves
Jewellery
 m - an amulet of reflection (around neck)
 r - a ring of willpower
Scrolls
 b - a scroll of identify
 s - a scroll of blinking {unknown}
Potions
 a - a potion of ambrosia {unknown}
 d - 2 potions of might
 e - a potion of enlightenment {unknown}
 h - a potion of mutation {unknown}
 i - a potion of curing
 j - a potion of invisibility {unknown}
 k - 3 potions of lignification
 p - a potion of brilliance {unknown}
 q - 2 potions of degeneration {unknown}

Dungeon Overview and Level Annotations

Branches:
Dungeon (4/15)
 Temple: D:4-7

Altars:
Makhleb
Uskayaw
Xom
Yredelemnul

Shops:
D:1 =:   D:4 =*

Annotations:
D:2 1 runed translucent door, Crazy Yiuf
D:3 1 runed translucent door, qw's ghost, amateur NaHu


Message History

An orc priest comes into view. It is wielding a +0 hand axe.
An orc comes into view.
It is wielding a +0 dagger and quivering silver boomerangs.
Enter note:
Enter note:
Enter note:
Enter note:
Enter note:
Enter note: An orc comes into view. It is wielding a +3 mace.
The orc shouts!
Enter note:
Enter note:
Enter note:
Enter note:
Enter note:
Enter note: You slash the orc priest!
The orc priest is almost dead.
The orc priest hits you with a +0 flail.
The orc priest looks braver for a moment.
You closely miss the orc priest.
The orc priest is almost dead.
The orc priest calls down the wrath of Beogh upon you.
Beogh smites you!
3505 ||| READING scroll of teleportation.
As you read the scroll of teleportation, it crumbles to dust.
You feel strangely unstable.
The orc priest looks satisfied for a moment.
The orc hits you with a +0 flail.
You slash the orc priest!
You kill the orc priest!
You barely miss the orc. The orc barely misses you.
You have reached level 7!
You slash the orc!
You kill the orc!
You hit the orc. You barely miss the orc.
The orc priest calls down the wrath of Beogh upon you.
Beogh smites you!
You die...

#...############'#.#
#.###...############.#.#
#......................#
###########.....####)#####
########.....##........
....^..'.....'.........
#####...#.....#######...
#.............# #...
#.....o@......# #...
#.....o)....### ##..
#......o.##..# #..
#........# #... #..
#........# #### #..
#........# #.. #........#
#### #........# #.~~ #...


You could see an orc priest and 2 orcs.

Vanquished Creatures
  Sigmund (D:2)
  An orc priest (D:4)
  A hound (D:4)
  Natasha (twice) (D:4)
  2 orc wizards
  4 adders
  An ufetubus (D:4)
  2 dart slugs
  15 orcs
  A bat (D:3)
  6 endoplasms
  2 giant cockroaches (D:2)
  8 hobgoblins
  2 jackals (D:3)
  3 quokkas
  7 ball pythons
  5 frilled lizards
  9 goblins
  2 rats
74 creatures vanquished.

Notes
Turn   | Place    | Note
-------+----------+-------------------------------------------
     0 | D:1      | qw the Gargoyle Fighter began the quest for the Orb.
     0 | D:1      | Reached XP level 1. HP: 14/14 MP: 1/1
     0 | D:1      | 0 ||| qw: Version: 0.3-a-9-g12657ce
     0 | D:1      | 0 ||| qw: Game counter: 1610
     0 | D:1      | 0 ||| qw: Always use a shield: true
     0 | D:1      | 0 ||| qw: God list: Okawaru
     0 | D:1      | 0 ||| qw: Allow faded altars: false
     0 | D:1      | 0 ||| qw: Do Orc after D:15 true
     0 | D:1      | 0 ||| qw: Do second Lair branch before Depths: true
     0 | D:1      | 0 ||| qw: Lair rune preference: random
     0 | D:1      | 0 ||| qw: Plans: Normal, Zot:1-4, Slime:5, God:TSO, Crypt,
                  | Tomb, Abyss, Pan, Hells, Win
     0 | D:1      | 0 ||| PLANNING D:1-11
    36 | D:1      | Found Gurugum's Book Emporium.
    41 | D:1      | Reached skill level 2 in Axes
   402 | D:1      | Reached XP level 2. HP: 18/19 MP: 2/2
   515 | D:1      | 515 ||| DROPPING +0 club.
   741 | D:1      | Found Riprau's Jewellery Boutique.
   755 | D:1      | 755 ||| SHOPLISTING +6 ring of strength (432 gold, have
                  | 70).
   755 | D:1      | 755 ||| SHOPLISTING amulet "Ucidufyveu" {RegenMP Int+3
                  | Dex+5 Slay+2} (746 gold, have 70).
   755 | D:1      | 755 ||| SHOPLISTING amulet of reflection (360 gold, have
                  | 70).
   755 | D:1      | 755 ||| SHOPLISTING ring of fire (300 gold, have 70).
   755 | D:1      | 755 ||| SHOPLISTING ring of resist corrosion (240 gold,
                  | have 70).
   897 | D:1      | 897 ||| UPGRADING to +0 plate armour.
   907 | D:1      | 907 ||| DROPPING +0 scale mail.
   908 | D:1      | 908 ||| READING scroll labelled GAOHI AGIVO.
   909 | D:1      | 909 ||| READING scroll labelled JUAPRA DOZECK.
   949 | D:2      | Reached skill level 3 in Axes
   950 | D:2      | Found a shimmering altar of Xom.
   967 | D:2      | 967 ||| Stepping ~*~*~tactically~*~*~ (hiding).
   977 | D:2      | Reached XP level 3. HP: 19/23 MP: 3/3
  1097 | D:2      | Noticed Sigmund
  1116 | D:2      | Killed Sigmund
  1117 | D:2      | Reached skill level 5 in Axes
  1117 | D:2      | Reached XP level 4. HP: 19/28 MP: 4/4
  1117 | D:2      | Reached XP level 5. HP: 22/32 MP: 5/5
  1129 | D:2      | 1129 ||| Stepping ~*~*~tactically~*~*~ (stealth).
  1145 | D:2      | 1145 ||| Stepping ~*~*~tactically~*~*~ (stealth).
  1147 | D:2      | 1147 ||| Stepping ~*~*~tactically~*~*~ (stealth).
  1148 | D:2      | 1148 ||| Stepping ~*~*~tactically~*~*~ (stealth).
  1904 | D:2      | Found a runed translucent door.
  1905 | D:2      | Noticed Crazy Yiuf
  1908 | D:2      | 1908 ||| UPGRADING to amulet of reflection.
  1913 | D:2      | 1913 ||| DROPPING ring of magical power.
  1914 | D:2      | 1914 ||| READING scroll labelled WEGE EQOIBLIY.
  1915 | D:2      | 1915 ||| READING scroll labelled ZOENIRGHUQA.
  1962 | D:2      | 1962 ||| DRINKING 4 viscous red potions.
  2126 | D:3      | Found a runed translucent door.
  2126 | D:3      | Noticed qw's ghost (amateur NaHu)
  2349 | D:3      | 2349 ||| DROPPING +0 whip.
  2507 | D:3      | Reached XP level 6. HP: 38/38 MP: 6/6
  2541 | D:3      | 2541 ||| Stepping ~*~*~tactically~*~*~ (stealth).
  2544 | D:3      | 2544 ||| Stepping ~*~*~tactically~*~*~ (stealth).
  2642 | D:3      | 2642 ||| Stepping ~*~*~tactically~*~*~ (stealth).
  2955 | D:3      | 2955 ||| UPGRADING to +0 helmet.
  2960 | D:3      | 2960 ||| READING scroll labelled DIOLLI ULEASCH.
  2961 | D:3      | 2961 ||| DRINKING 2 emerald potions.
  2985 | D:4      | Found Komuid's General Store.
  2988 | D:4      | 2988 ||| BUYING +0 pair of gloves (63 gold).
  2988 | D:4      | Bought a +0 pair of gloves for 63 gold pieces
  2988 | D:4      | 2988 ||| BUYING potion of might (56 gold).
  2988 | D:4      | Bought a potion of might for 56 gold pieces
  2988 | D:4      | 2988 ||| SHOPLISTING scroll of identify (28 gold, have 24).
  2988 | D:4      | 2988 ||| SHOPLISTING scroll of teleportation (42 gold, have
                  | 24).
  3033 | D:4      | Found Cufamaih's Jewellery Emporium.
  3042 | D:4      | Reached skill level 1 in Throwing
  3082 | D:4      | 3082 ||| SHOPLISTING +5 ring of evasion (360 gold, have
                  | 24).
  3082 | D:4      | 3082 ||| SHOPLISTING +6 ring of dexterity (360 gold, have
                  | 24).
  3082 | D:4      | 3082 ||| SHOPLISTING +6 ring of strength (360 gold, have
                  | 24).
  3186 | D:4      | 3186 ||| Stepping ~*~*~tactically~*~*~ (stealth).
  3187 | D:4      | 3187 ||| DROPPING +0 mace.
  3192 | D:4      | Found a basalt altar of Yredelemnul.
  3194 | D:4      | Found a burning altar of Makhleb.
  3195 | D:4      | 3195 ||| Stepping ~*~*~tactically~*~*~ (hiding).
  3224 | D:4      | Noticed Natasha
  3225 | D:4      | 3225 ||| Stepping ~*~*~tactically~*~*~ (hiding).
  3234 | D:4      | Killed Natasha
  3390 | D:4      | Found a hide-covered altar of Uskayaw.
  3413 | D:4      | Noticed Natasha
  3414 | D:4      | 3414 ||| Stepping ~*~*~tactically~*~*~ (hiding).
  3416 | D:4      | 3416 ||| Stepping ~*~*~tactically~*~*~ (hiding).
  3417 | D:4      | 3417 ||| Stepping ~*~*~tactically~*~*~ (hiding).
  3418 | D:4      | 3418 ||| Stepping ~*~*~tactically~*~*~ (hiding).
  3419 | D:4      | 3419 ||| Stepping ~*~*~tactically~*~*~ (hiding).
  3426 | D:4      | Killed Natasha
  3427 | D:4      | Reached skill level 6 in Axes
  3457 | D:4      | 3457 ||| Stepping ~*~*~tactically~*~*~ (stealth).
  3458 | D:4      | 3458 ||| Stepping ~*~*~tactically~*~*~ (stealth).
  3504 | D:4      | HP: 8/38 [orc priest/divine providence (14)]
  3505 | D:4      | 3505 ||| READING scroll of teleportation.
  3507 | D:4      | Reached XP level 7. HP: 7/43 MP: 7/7
  3507 | D:4      | Killed from afar by an orc priest

Levels and vault maps discovered:
D:1:      minmay_arrival_checkered_box, layout_loops_corners,
          shapermc_ecumenical_altar_petra, serial_shops, shop,
          nicolae_book_shop_shelving
D:2:      layout_loops_corners, basic_altar, uniq_sigmund,
          uniq_crazy_yiuf_cottage
D:3:      cheibrodos_old_hovel, layout_basic, serial_corexii_hall,
          corexii_hall_statues_l, corexii_hall_statues_l,
          hellmonk_ghost_happy_afterlife
D:4:      layout_basic, nicolae_uskayaw_suspiria, grunt_temple_overflow_open,
          serial_shops, nicolae_stop_n_shop_2, minmay_shop_enchanted_jewellery,
          uniq_natasha

Skill      XL: |  1  2  3  4  5  6 |
---------------+-------------------+-----
Axes           | 2 3 5 6 |  6.0
Fighting       | 4 |  4.0
Throwing       | 1 |  1.0
Armour         | |  3.8
Shields        | |  3.2

Action                     |  1- 3 |  4- 6 |  7- 9 || total
---------------------------+-------+-------+-------++-------
  Melee: War axe           |    66 |   148 |     1 ||   215
  Throw: Boomerang         |       |    24 |       ||    24
    Use: Scroll            |     2 |     4 |       ||     6
         Potion            |       |     2 |       ||     2
 Armour: Scale mail        |    13 |       |       ||    13
         Plate armour      |    20 |    74 |       ||    94
  Dodge: Dodged            |    16 |    29 |       ||    45
  Block: Buckler           |     9 |    48 |       ||    57
         Reflection        |       |     1 |       ||     1

Table legend:
 A = Non-vault XP
 B = Vault XP
 C = Vault XP percentage of total XP
 D = Non-vault monster count
 E = Vault monster count
 F = Vault count percentage of total count
                 A         B        C        D         E       F
            +---------+---------+-------+---------+---------+-------
      Total |     380 |     269 |  41.4 |      71 |       3 |   4.1
            +---------+---------+-------+---------+---------+-------
        D:1 |      19 |       0 |   0.0 |      12 |       0 |   0.0
        D:2 |      37 |     231 |  86.2 |      14 |       1 |   6.7
        D:3 |      96 |       3 |   3.0 |      21 |       1 |   4.5
        D:4 |     228 |      35 |  13.3 |      24 |       1 |   4.0
            +---------+---------+-------+---------+---------+-------
